 Dungeon Crawl Stone Soup version 0.25.1-2-g60ff931df9 (webtiles) character file.

Game seed: 7331849779057255627

35 gruber the Chiller (level 3, -6/19 HPs)
             Began as a Gargoyle Ice Elementalist on Nov 10, 2020.
             Mangled by Sigmund
             ... wielding a +0 scythe
              (12 damage)
             ... on level 2 of the Dungeon.
             The game lasted 00:02:28 (1713 turns).

gruber the Chiller (Gargoyle Ice Elementalist)      Turns: 1713, Time: 00:02:29

Health: -6/19      AC:  5    Str: 11    XL:     3   Next: 33%
Magic:  6/6        EV: 12    Int: 16    God:
Gold:   90         SH:  0    Dex: 10    Spells: 2/6 levels left

rFire    . . .     SeeInvis .   (no weapon)
rCold    . . .     Gourm    .   (no shield)
rNeg     + . .     Faith    .   a - +0 robe
rPois    ∞         Spirit   .   (no helmet)
rElec    +         Reflect  .   i - scarf {repulsion}
rCorr    .         Harm     .   (no gloves)
MR       .....                  (no boots)
Stlth    +.........             (no amulet)
HPRegen  0.06/turn              (no ring)
MPRegen  0.10/turn              (no ring)

@: confused, stab, repel missiles
A: negative energy resistance 1, electricity resistance, unbreathing,
petrification resistance, rot immunity, AC +3
a: no special abilities


You were on level 2 of the Dungeon.
You were not hungry.

You visited 1 branch of the dungeon, and saw 2 of its levels.

You collected 90 gold pieces.

Inventory:

Missiles
 k - 5 javelins (quivered)
Armour
 a - a +0 robe (worn)
 i - a scarf of repulsion (worn)
Jewellery
 m - an uncursed ring of protection from cold {unknown}
Scrolls
 b - a scroll of amnesia {unknown}
 d - a scroll of magic mapping {unknown}
 f - a scroll of enchant armour {unknown}
 g - 3 scrolls of remove curse {unknown}
 j - a scroll of fog {unknown}
 l - a scroll of teleportation {unknown}
 o - a scroll of identify {unknown}
Potions
 n - a potion of resistance {unknown}
Comestibles
 c - 3 rations
 h - 3 chunks of flesh


   Skills:
 - Level 1.5 Dodging
 - Level 2.1 Stealth
 - Level 2.0 Spellcasting
 + Level 5.1 Ice Magic


You had 2 spell levels left.
You knew the following spells:

 Your Spells              Type           Power        Failure   Level  Hunger
a - Freeze                Ice            ###.         2%          1    #......
b - Frozen Ramparts       Ice            ###...       8%          3    ###....

Your spell library contained the following spells:

 Spells                   Type           Power        Failure   Level  Hunger
 Ozocubu's Armour         Chrm/Ice       #.......     22%         3    ###....
 Hailstorm                Conj/Ice       #.......     58%         4    #####..
 Summon Ice Beast         Ice/Summ       #.......     58%         4    #####..


Dungeon Overview and Level Annotations

Branches:
Dungeon (2/15)

Altars:
The Shining One

Annotations:
D:2 Sigmund


Innate Abilities, Weirdness & Mutations

You are resistant to torment.
Your stone body is resilient. (AC +3)
You are immune to poison.
You resist negative energy. (rN+)
You are resistant to electric shocks. (rElec)
You can survive without breathing.
You are immune to petrification.
You are immune to rotting.


Message History

Found a scroll labeled LYKONO IZEROT.
Sigmund misses you. Sigmund gestures at you while chanting.
The puff of flame hits you! Sigmund casts a spell at you.
You are more confused.
You bump into the rock wall.
Sigmund casts a spell at you.
You are more confused.
Sigmund gestures wildly while chanting.
Sigmund flickers and vanishes!
Deactivating autopickup; reactivate with Ctrl-A.
It was a potion of stabbing.
You feel ready to backstab.
You're too confused to move!
Something barely misses you.
You bump into the rock wall.
Something hits you. Something hits you!
Ouch! That really hurt!
You die...

#..............#...........##.
#..............##.....#...###.
#####..............>..........
######......#..#####...##.
#.##.#.#..# #. #.##....#.###
#. ##.###.......#####....
##.....###..#.........
#.....@.##..##.#####..#
#.........#..##.........
..........#.............
#..............<........
#.......$...)###.#####..
#..(.........# #.# #.#
#.?..............### #.#
#...................##.#
.......?...............


There were no monsters in sight!

Vanquished Creatures
  A leopard gecko (D:1)
  A giant cockroach (D:1)
  3 goblins
  7 hobgoblins
  2 jackals (D:1)
  2 kobolds (D:1)
  2 ball pythons
  3 bats
  3 frilled lizards
  8 rats
32 creatures vanquished.

Notes
Turn   | Place    | Note
-------+----------+-------------------------------------------
     0 | D:1      | gruber the Gargoyle Ice Elementalist began the quest for
                  | the Orb.
     0 | D:1      | Reached XP level 1. HP: 10/10 MP: 3/3
   291 | D:1      | Reached XP level 2. HP: 15/15 MP: 1/5
   887 | D:1      | Found a glowing golden altar of the Shining One.
  1005 | D:1      | Reached XP level 3. HP: 19/19 MP: 6/6
  1010 | D:1      | Learned a level 3 spell: Frozen Ramparts
  1333 | D:2      | Noticed Sigmund
  1368 | D:2      | Reached skill level 5 in Ice Magic
  1713 | D:2      | Mangled by Sigmund

Illustrated notes

Levels and vault maps discovered:
D:1:      lightli_arrival_flooded_house, layout_loops_ring, tso_metal_star
D:2:      layout_rooms, lemuel_another_geyser, uniq_sigmund

Skill      XL: |  1  2  3 |
---------------+----------+-----
Ice Magic      | 5 |  5.1
Dodging        | |  1.5
Stealth        | |  2.1
Spellcasting   | |  2.0

Action                   || total
-------------------------++-------
Melee: Unarmed           ||    46
Throw: Javelin           ||     1
 Cast: Freeze            ||    29
       Frozen Ramparts   ||     3
  Use: Potion            ||     1
  Eat: Chunk             ||     3
Armor: Robe              ||    22
Dodge: Dodged            ||    39
